 Dungeon Crawl Stone Soup version 0.30-a0-1161-g0704695555 (webtiles) character file.

Game seed: 7296778606682103145

25711 Frod the Frost Mage (level 13, -10/101 HPs)
             Began as a Human Ice Elementalist on Apr 26, 2023.
             Was an Elder of Sif Muna.
             Mangled by an anaconda simulacrum (14 damage)
             ... in an ice cave on Apr 27, 2023.
             The game lasted 01:49:43 (17822 turns).

Frod the Frost Mage (Human Ice Elementalist)       Turns: 17822, Time: 01:49:44

Health: -10/101    AC: 13    Str:  9    XL:     13   Next: 52%
Magic:  25/25      EV:  8    Int: 20    God:    Sif Muna [****..]
Gold:   1172       SH:  5    Dex: 14    Spells: 6/29 levels left

rFire   . . .        a - staff of conjuration
rCold   + . .        n - +0 buckler
rNeg    . . .        Z - +1 leather armour {rPois}
rPois   +            s - +1 helmet
rElec   .            R - +1 cloak
rCorr   .            Y - +2 pair of gloves
SInv    .            G - +1 pair of boots
Will    .....        O - amulet of faith
Stlth   ++           U - ring of ice
HPRegen 0.36/turn    L - ring of protection from fire
MPRegen 0.19/turn

%: faith
@: about to teleport, channelling, constricted
A: no striking features
a: Renounce Religion, Channel Magic, Forget Spell, Divine Exegesis


You were in an ice cave.
You worshipped Sif Muna.
Sif Muna was greatly pleased with you.
You visited 3 branches of the dungeon, and saw 13 of its levels.
You also visited: Ossuary, Gauntlet and Ice Cave.

You collected 1172 gold pieces.

Inventory:

Hand Weapons
 b - a +6 spear of venom
 c - the +4 hand axe "Fuipn" {heavy, rF+ Dex+2}
   (You found it on level 3 of the Dungeon)

   Dex:       It affects your dexterity (+2).
   rF:        It protects you from fire.
 N - the +2 quarterstaff of the Ancient Demons {freeze, rN+}
   (You found it on level 2 of the Lair of Beasts)

   rN:        It protects you from negative energy.
Missiles
 d - 6 stones
 g - 17 poisoned darts
 w - 10 boomerangs (quivered)
 C - 3 throwing nets
 M - 4 javelins
Armour
 e - a +0 ring mail
 n - a +0 buckler (worn)
 s - a +1 helmet (worn)
 G - a +1 pair of boots (worn)
 R - a +1 cloak (worn)
 V - a scarf of shadows
 Y - a +2 pair of gloves (worn)
 Z - a +1 leather armour of poison resistance (worn)
Magical Staves
 a - a staff of conjuration (weapon)
Jewellery
 j - a ring of flight
 B - a +6 ring of intelligence
 I - a ring of protection from cold
 L - a ring of protection from fire (right hand)
 O - an amulet of faith (around neck)
 U - a ring of ice (left hand)
 X - an amulet of regeneration
Wands
 A - a wand of flame (38)
 D - a wand of iceblast (17)
Scrolls
 f - a scroll of silence {unknown}
 k - a scroll of brand weapon {unknown}
 t - a scroll of immolation {unknown}
 x - a scroll of fear
 y - 3 scrolls of teleportation
 F - a scroll of poison {unknown}
 H - a scroll of fog
 P - 2 scrolls of enchant armour {unknown}
Potions
 h - a potion of cancellation
 i - 2 potions of brilliance
 l - a potion of degeneration
 m - a potion of heal wounds
 q - 5 potions of magic
 r - 3 potions of curing
 v - 2 potions of ambrosia
 z - a potion of berserk rage {unknown}
 E - 2 potions of might {unknown}
 J - 3 potions of lignification
 K - a potion of flight {unknown}
 T - a potion of haste


   Skills:
 + Level 9.3 Fighting
 - Level 2.0 Dodging
 - Level 2.0 Stealth
 + Level 5.8 Shields
 + Level 8.5 Spellcasting
 * Level 4.6 Conjurations
 - Level 5.0 Summonings
 * Level 3.3 Necromancy
 - Level 5.0 Translocations
 + Level 10.5 Ice Magic
 * Level 4.5 Air Magic
 * Level 4.0 Earth Magic
 + Level 9.1 Invocations


You had 6 spell levels left.
You knew the following spells:

 Your Spells              Type           Power      Damage    Failure   Level
a - Freeze                Ice            100%       1d10      1%          1
b - Frozen Ramparts       Ice            100%       1d16      1%          3
c - Stone Arrow           Conj/Erth      76%        3d11      9%          3
d - Cigotuvi's Dreadful   Necr/Pois/Air  38%        N/A       9%          2
f - Freezing Cloud        Conj/Ice/Air   33%        6-21      30%         5
g - Summon Ice Beast      Ice/Summ       56%        N/A       7%          4
l - Blink                 Tloc           56%        N/A       3%          2
o - Ozocubu's Armour      Ice            66%        N/A       1%          3

Your spell library contained the following spells:

 Spells                   Type           Power      Damage    Failure   Level
 Lesser Beckoning         Tloc           56%        N/A       3%          2
 Momentum Strike          Conj/Tloc      82%        3d10      3%          2
 Necrotise                Necr           84%        1d8       4%          1
 Gell's Gravitas          Tloc           28%        N/A       6%          3
 Teleport Other           Tloc           28%        N/A       6%          3
 Vampiric Draining        Necr           21%        2d7       12%         3
 Animate Armour           Summ/Erth      52%        N/A       26%         4
 Animate Dead             Necr           21%        N/A       38%         4
 Ignite Poison            Fire/Tmut/Pois 8%         N/A       43%         3
 Inner Flame              Hex/Fire       8%         N/A       43%         3
 Anguish                  Hex/Necr       7%         N/A       63%         4
 Borgnjor's Vile Clutch   Necr/Erth      11%        N/A       69%         5
 Agony                    Necr           21%        N/A       75%         5
 Cause Fear               Hex            4%         N/A       85%         4
 Summon Mana Viper        Hex/Summ       18%        N/A       85%         5
 Yara's Violent Unravell  Hex/Tmut       4%         3d4       99%         5
 Death Channel            Necr           10%        N/A       99%         6
 Dragon Form              Tmut           4%         N/A       100%        7
 Enfeeble                 Hex            4%         N/A       100%        7
 Monstrous Menagerie      Summ           14%        N/A       100%        7
 Lehudib's Crystal Spear  Conj/Erth      19%        10d6      100%        8
 Dragon's Call            Summ           14%        N/A       100%        9


Dungeon Overview and Level Annotations

Branches:
Dungeon (9/15)             Temple (1/1) D:6            Lair (3/5) D:9
  Swamp (0/4) Lair:3        Snake (0/4) Lair:2      Ossuary (visited)
  IceCv (1/1)             Gauntlet (visited)
    Orc: D:9-12

Altars:
Ashenzari
Cheibriados
Dithmenos
Elyvilon
Fedhas
Gozag
Hepliaklqana
Kikubaaqudgha
Makhleb
Nemelex Xobeh
Okawaru
Qazlal
Ru
Sif Muna
Trog
Uskayaw
Vehumet
Wu Jian
Xom
Yredelemnul
Zin
The Shining One


Message History

The harpy simulacrum barely misses you.
The white ugly thing attacks as you move away!
The white ugly thing closely misses you.
You are engulfed in freezing vapours.
You resist.
You block the harpy simulacrum's attack.
The harpy simulacrum barely misses you.
The white ugly thing is engulfed in freezing vapours.
The harpy simulacrum attacks as you move away!
The harpy simulacrum claws you. The harpy simulacrum freezes you. You resist.
You block the harpy simulacrum's attack. x2
The harpy simulacrum closely misses you.
As you read the scroll of teleportation, it crumbles to dust.
You feel strangely unstable. The harpy simulacrum claws you.
The harpy simulacrum freezes you! You resist.
The harpy simulacrum claws you but does no damage.
The harpy simulacrum claws you.
* * * LOW HITPOINT WARNING * * *
The harpy simulacrum freezes you. You resist.
* * * LOW HITPOINT WARNING * * *
The harpy simulacrum claws you but does no damage.
You block the white ugly thing's attack.
The harpy simulacrum claws you.
* * * LOW HITPOINT WARNING * * *
The harpy simulacrum freezes you! You resist.
* * * LOW HITPOINT WARNING * * *
The harpy simulacrum misses you.
Okay, then.
The white ugly thing attacks as you move away!
The white ugly thing headbutts you but does no damage.
The harpy simulacrum attacks as you move away!
The harpy simulacrum claws you but does no damage.
You block the harpy simulacrum's attack. x2
The harpy simulacrum claws you!
* * * LOW HITPOINT WARNING * * *
The harpy simulacrum freezes you. You resist.
* * * LOW HITPOINT WARNING * * *
The anaconda simulacrum grabs you. The anaconda simulacrum bites you.
* * * LOW HITPOINT WARNING * * *
The anaconda simulacrum freezes you! You resist.
You die...

##### ############# ....##
##.....#.....## .
.....###......#......## ...
......#.......#..Z....#....
∩..∩............@Z.........
......#.......#..u....#....
.....###......#......## .
....## ##.....#.....##
##### #############


You could see a white ugly thing, an anaconda simulacrum and a harpy simulacrum.

Vanquished Creatures
  The ghost of LobsterGuardian the Fencer, a journeyman DsMo of Nemelex Xobeh (Lair:2)
  A minotaur (Gauntlet)
  A hydra (Lair:2)
  A two-headed ogre (D:9)
  A soul eater (Gauntlet)
  Pikel (D:5)
  A wizard (Gauntlet)
  A salamander (Lair:2)
  Maurice (D:8)
  3 ice statues (IceCv)
  3 black mambas
  5 komodo dragons
  7 cane toads
  An unseen horror (D:8)
  A freezing wraith (IceCv)
  A rime drake (Lair:1)
  An anaconda simulacrum (IceCv)
  A queen bee (Gauntlet)
  A hornet (D:9)
  3 blink frogs (Lair:2)
  5 dream sheep (Lair:2)
  2 wyverns
  26 yaks
  A vampire (D:9)
  Menkaure (D:5)
  Duvessa (D:5)
  3 water moccasins
  An ice beast (D:5)
  3 orc warriors
  A sky beast (D:6)
  A black bear (Lair:2)
  3 ogres
  A centaur (D:7)
  A lemure (D:5)
  6 wolves
  11 bullfrogs
  Blork the orc (D:6)
  An elf zombie (Ossuary)
  3 gnoll sergeants (D:8)
  2 scorpions (D:6)
  Dowan (D:5)
  11 wights
  3 killer bees (Gauntlet)
  An elephant simulacrum (IceCv)
  2 lava snakes (Lair:2)
  4 hounds
  Crazy Yiuf (D:2)
  A human zombie (Ossuary)
  7 orc priests
  2 iguanas
  2 orc wizards
  A polar bear simulacrum (IceCv)
  3 wolf simulacra (IceCv)
  Robin (D:2)
  9 gnolls (D:8)
  10 adders
  4 shadow imps (Gauntlet)
  3 white imps
  2 worms
  A dart slug (D:3)
  35 orcs
  7 ball pythons
  12 endoplasms
  4 giant cockroaches
  A gnoll zombie (Ossuary)
  12 goblins
  15 hobgoblins
  4 jackals (D:5)
  6 kobolds
  2 quokkas
  3 bats
  8 frilled lizards
  A goblin zombie (Ossuary)
  2 orc zombies (Ossuary)
  3 rats (D:2)
294 creatures vanquished.

Vanquished Creatures (collateral kills)
  Gastronok (Lair:1)
  A cane toad (Lair:1)
  A rime drake (Lair:1)
  A komodo dragon (Lair:1)
  2 blink frogs (Lair:2)
  2 yaks
  A wraith (D:9)
  Eustachio (D:5)
  An ogre (D:6)
  2 wolves (Lair:2)
  A centaur (D:6)
  2 phantoms
  3 bullfrogs
  A wight (D:7)
  A centaur zombie (Ossuary)
  A hound (D:6)
  A human zombie (Ossuary)
  A sleepcap (D:6)
  2 mummies (Ossuary)
  2 gnolls (D:8)
  A shadow imp (Gauntlet)
  An orc (D:7)
  2 goblin zombies (Ossuary)
  4 hobgoblin zombies (Ossuary)
36 creatures vanquished.

Vanquished Creatures (others)
  A wizard (Gauntlet)
  A shadow imp (Gauntlet)
  A bush (Lair:2)
  18 fungi
  20 plants
41 creatures vanquished.

Grand Total: 371 creatures vanquished

Notes
Turn   | Place    | Note
-------+----------+-------------------------------------------
     0 | D:1      | Frod the Human Ice Elementalist began the quest for the
                  | Orb.
     0 | D:1      | Reached XP level 1. HP: 13/13 MP: 3/3
   191 | D:1      | Reached XP level 2. HP: 18/20 MP: 0/5
  1176 | D:2      | Reached skill level 1 in Fighting
  1176 | D:2      | Reached XP level 3. HP: 26/26 MP: 2/6
  1188 | D:2      | Learned a level 3 spell: Frozen Ramparts
  1778 | D:2      | Noticed Robin
  1793 | D:1      | Reached XP level 4. HP: 24/32 MP: 5/7
  1952 | D:2      | Found a runed translucent door.
  1953 | D:2      | Noticed Crazy Yiuf
  1959 | D:2      | Learned a level 3 spell: Ozocubu's Armour
  1965 | D:2      | Killed Crazy Yiuf
  2106 | D:2      | Reached skill level 5 in Ice Magic
  2155 | D:2      | Reached XP level 5. HP: 24/38 MP: 3/9
  2353 | D:2      | Killed Robin
  2817 | D:3      | Identified the +4 hand axe "Fuipn" {heavy, rF+ Dex+2}
  3149 | D:3      | Reached XP level 6. HP: 40/45 MP: 3/10
  3612 | D:4      | Noticed an ogre
  3620 | D:4      | Killed an ogre
  3621 | D:4      | Reached skill level 6 in Ice Magic
  3659 | D:4      | Learned a level 4 spell: Summon Ice Beast
  4029 | D:4      | Found an ornate altar of the Wu Jian Council.
  4101 | D:4      | Reached XP level 7. HP: 52/52 MP: 5/12
  4234 | D:4      | Reached skill level 1 in Summonings
  4726 | D:4      | Found a shimmering blue altar of Sif Muna.
  4731 | D:4      | Became a worshipper of Sif Muna the Loreminder
  4744 | D:4      | Found an opulent altar of Gozag.
  4744 | D:4      | Found a glowing silver altar of Zin.
  4887 | D:5      | Entered Level 5 of the Dungeon
  5074 | D:5      | Found a hide-covered altar of Uskayaw.
  5093 | D:5      | Found a basalt altar of Yredelemnul.
  5093 | D:5      | Found a sacrificial altar of Ru.
  5209 | D:5      | Reached skill level 1 in Invocations
  5291 | D:5      | Noticed Eustachio
  5317 | D:5      | Killed Eustachio
  5318 | D:5      | Reached XP level 8. HP: 59/60 MP: 0/14
  5455 | D:5      | Noticed Menkaure
  5531 | D:5      | Killed Menkaure
  5627 | D:5      | Noticed Dowan
  5646 | D:5      | Killed Dowan
  5703 | D:5      | Noticed Duvessa
  5713 | D:5      | Killed Duvessa
  6213 | D:5      | Noticed Pikel
  6226 | D:5      | Killed Pikel
  6227 | D:5      | Reached skill level 5 in Fighting
  6227 | D:5      | Reached skill level 5 in Summonings
  6227 | D:5      | Reached skill level 7 in Ice Magic
  6227 | D:5      | Reached XP level 9. HP: 63/68 MP: 3/16
  6717 | D:6      | Reached skill level 1 in Shields
  6717 | D:6      | Reached skill level 5 in Spellcasting
  6832 | D:6      | Noticed Blork the orc
  6846 | D:6      | Killed Blork the orc
  7148 | D:6      | Found a staircase to the Ecumenical Temple.
  7155 | Temple   | Entered the Ecumenical Temple
  7615 | D:7      | Found a sand-covered staircase.
  7639 | Ossuary  | Entered an ossuary
  7814 | Ossuary  | Reached * piety under Sif Muna
  7994 | D:7      | Reached XP level 10. HP: 59/76 MP: 11/18
  8263 | D:7      | Reached skill level 5 in Invocations
  8341 | D:7      | Reached skill level 8 in Ice Magic
  8707 | D:7      | Learned a level 2 spell: Blink
  9402 | D:8      | Killed an unseen horror
  9403 | D:8      | Reached skill level 1 in Translocations
  9729 | D:8      | Reached ** piety under Sif Muna
 10054 | D:8      | Found a hazy altar of Hepliaklqana.
 10066 | D:8      | Noticed Maurice
 10076 | D:8      | Killed Maurice
 10214 | D:8      | Found a burning altar of Makhleb.
 10624 | D:9      | Reached XP level 11. HP: 83/83 MP: 15/20
 10746 | D:9      | Noticed a two-headed ogre
 10756 | D:9      | Killed a two-headed ogre
 10961 | D:9      | Found a shimmering altar of Xom.
 10961 | D:9      | Found a shimmering altar of Xom.
 10962 | D:9      | Found a shimmering altar of Xom.
 10988 | D:9      | Found a shimmering altar of Xom.
 10989 | D:9      | Found a shimmering altar of Xom.
 11159 | D:9      | Found a staircase to the Lair.
 11723 | Lair:1   | Entered Level 1 of the Lair of Beasts
 11760 | Lair:1   | Reached skill level 5 in Shields
 11777 | Lair:1   | Reached skill level 5 in Translocations
 11866 | Lair:1   | Reached *** piety under Sif Muna
 11868 | Lair:1   | Reached skill level 9 in Ice Magic
 11954 | Lair:1   | Learned a level 2 spell: Cigotuvi's Dreadful Rot
 11991 | Lair:1   | Noticed Gastronok
 12364 | Lair:1   | Reached XP level 12. HP: 13/92 MP: 11/23
 12953 | Lair:1   | Killed Gastronok
 13093 | Lair:1   | Learned a level 5 spell: Freezing Cloud
 13274 | Lair:1   | Reached skill level 10 in Ice Magic
 13275 | Lair:1   | Reached skill level 1 in Conjurations
 13275 | Lair:1   | Reached skill level 1 in Air Magic
 13432 | Lair:1   | Reached skill level 1 in Necromancy
 13737 | Lair:2   | Identified a scroll of acquirement
 13737 | Lair:2   | Acquired a book of Armaments
 13743 | Lair:2   | Learned a level 3 spell: Stone Arrow
 13763 | Lair:2   | Found a gate leading to a gauntlet.
 13777 | Gauntlet | Entered a Gauntlet
 13777 | Gauntlet | Noticed a glowing orange brain
 13777 | Gauntlet | Found a transporter.
 13777 | Gauntlet | Found a transporter.
 13777 | Gauntlet | Found a transporter.
 13778 | Gauntlet | Found a transporter.
 13779 | Gauntlet | Noticed a glowing orange brain
 13781 | Gauntlet | Found a transporter.
 13785 | Gauntlet | Noticed a wretched star
 13792 | Gauntlet | Found a transporter.
 13805 | Gauntlet | Noticed a soul eater
 13813 | Gauntlet | Found a transporter.
 13835 | Gauntlet | Found a transporter.
 13855 | Gauntlet | Found a transporter.
 13862 | Gauntlet | Found a transporter.
 13880 | Gauntlet | Found a transporter.
 13932 | Gauntlet | Found a transporter.
 14295 | Gauntlet | Reached **** piety under Sif Muna
 14533 | Gauntlet | Killed a soul eater
 14534 | Gauntlet | Reached skill level 1 in Earth Magic
 14560 | Gauntlet | Noticed a minotaur
 14576 | Gauntlet | Killed a minotaur
 14769 | Lair:2   | Noticed a five-headed hydra
 14778 | Lair:2   | Killed a five-headed hydra
 14842 | Lair:2   | Found a runed translucent door.
 14845 | Lair:2   | Noticed LobsterGuardian's ghost (journeyman DsMo)
 15008 | Lair:2   | Identified the +2 quarterstaff of the Ancient Demons
                  | {freeze, rN+}
 15047 | Lair:2   | Reached XP level 13. HP: 79/96 MP: 11/25
 15096 | Lair:2   | HP: 5/101 [komodo dragon (15)]
 16328 | Lair:2   | Found a staircase to the Snake Pit.
 16686 | Lair:2   | Killed LobsterGuardian's ghost
 16912 | Lair:2   | Upgraded the game from 0.30-a0-1160-g6e42c06551 to
                  | 0.30-a0-1161-g0704695555
 16923 | Lair:3   | Found a frozen archway.
 16934 | IceCv    | Entered an ice cave
 17822 | IceCv    | HP: 5/101 [harpy simulacrum (5)]
 17822 | IceCv    | Mangled by an anaconda simulacrum

Illustrated notes

Levels and vault maps discovered:
D:1:      tarquinn_simple_flora_water_f, layout_basic, hangedman_decor_lopped
D:2:      layout_basic, grunt_decor_arrowhead, hangedman_feature_mirror,
          minmay_misc_feat_roman, uniq_robin, uniq_crazy_yiuf_cottage
D:3:      layout_basic
D:4:      layout_rooms, grunt_temple_overflow_gold_and_silver,
          nicolae_wu_jian_wuxing_cycle, mainiacjoe_overflow_tiny_flanked
D:5:      layout_cave_pods, chequers_temple_overflow_statue_of_worship,
          uniq_menkaure, uniq_eustachio, uniq_pikel, uniq_duvessa
D:6:      layout_cave_pools, minmay_temple_entry_tees, uniq_blork_the_orc
D:7:      layout_loops_corners, nicolae_ossuary_entry_plus
D:8:      layout_basic, mainiacjoe_overflow_24_doors,
          nicolae_overflow_hidden_temple, uniq_maurice
D:9:      layout_roguey, xom_redecorated, lair_entry_dummy
Temple:   nicolae_temple_bog_church
Lair:1:   layout_cave_pods, beast_lair_carwin_9, uniq_gastronok
Lair:2:   layout_long_grid, nicolae_snake_entry_warm_welcome,
          gauntlet_entry_generic, gammafunk_ghost_grave,
          grunt_forest_small_clearings
Lair:3:   nzn_winding_woodlands_large [nzn_winding_woodlands_5x5_three,
          nzn_winding_woodlands_5x15_cabin, nzn_winding_woodlands_5x5_cross,
          nzn_winding_woodlands_center_diamonds,
          nzn_winding_woodlands_15x15_eel_pit,
          nzn_winding_woodlands_center_garden,
          nzn_winding_woodlands_5x5_checkerboard,
          nzn_winding_woodlands_5x15_jagged,
          nzn_winding_woodlands_5x5_perimeter], layout_regular_city,
          swamp_mist_pool, portal_ice_cave_entry_pillars_1, lemuel_fruit_tree
IceCv:    ice_cave_statue_garden_chambered

Skill      XL: |  1  2  3  4  5  6  7  8  9 10 11 12 13 |
---------------+----------------------------------------+-----
Fighting       | 1 2 3 5 6 8 9 |  9.3
Ice Magic      | 5 6 7 8 9 10 | 10.5
Spellcasting   | 3 4 5 6 7 8 |  8.5
Summonings     | 3 5 |  5.0
Invocations    | 1 3 4 6 7 8 9 |  9.1
Shields        | 2 4 5 |  5.8
Translocations | 3 5 |  5.0
Conjurations   | 3 4 |  4.6
Air Magic      | 3 4 |  4.5
Necromancy     | 2 3 |  3.3
Earth Magic    | 2 4 |  4.0
Dodging        | |  2.0
Stealth        | |  2.0

Action                     |  1- 3 |  4- 6 |  7- 9 | 10-12 | 13-15 || total
---------------------------+-------+-------+-------+-------+-------++-------
  Melee: Spear             |    12 |    52 |    61 |    18 |    38 ||   181
         Club              |     1 |       |       |       |       ||     1
         Punch             |       |     1 |     1 |       |       ||     2
         Short sword       |       |     1 |       |       |       ||     1
         Hand axe          |       |     1 |    43 |   114 |     7 ||   165
         Trident           |       |       |       |     5 |       ||     5
   Fire: Sling             |       |       |     2 |     8 |       ||    10
  Throw: Stone             |    11 |    20 |    12 |     5 |       ||    48
         Dart              |       |     2 |     8 |    12 |       ||    22
         Throwing net      |       |       |       |     1 |       ||     1
         Boomerang         |       |       |       |       |     1 ||     1
   Cast: Freeze            |    53 |    40 |    24 |    21 |     4 ||   142
         Frozen Ramparts   |       |    18 |    30 |    64 |    16 ||   128
         Ozocubu's Armour  |       |     8 |    14 |    40 |    12 ||    74
         Summon Ice Beast  |       |       |    18 |    32 |    10 ||    60
         Cigotuvi's Dreadf |       |       |       |     5 |       ||     5
         Stone Arrow       |       |       |       |     7 |    61 ||    68
         Freezing Cloud    |       |       |       |     2 |       ||     2
 Invoke: Channel Magic     |       |       |       |     3 |     4 ||     7
  Evoke: Wand              |       |       |       |    11 |       ||    11
    Use: Scroll            |       |     5 |     3 |     8 |     6 ||    22
         Potion            |       |       |       |       |     4 ||     4
   Stab: Sleeping          |     2 |     3 |     2 |       |       ||     7
         Distracted        |       |       |     1 |       |       ||     1
 Armour: Robe              |     7 |    13 |    32 |    95 |    21 ||   168
         Leather armour    |       |       |       |       |     8 ||     8
  Dodge: Dodged            |    24 |    25 |    60 |   107 |    35 ||   251
  Block: Buckler           |       |       |    11 |    48 |    24 ||    83

Table legend: (Time is in decaauts)
 A = Elapsed time spent in this place.
 B = Non-inter-level travel time spent in this place.
 C = Inter-level travel time spent in this place.
 D = Time resting spent in this place.
 E = Time spent auto-exploring this place.
 F = Levels seen in this place.
 G = Mean time per level.
                   A        B        C        D        E       F      G
               +--------+--------+--------+--------+--------+-----+--------+
         Total |  18027 |  17541 |    486 |   1898 |  12128 |  16 | 1126.7 |
       Dungeon |  11506 |  11137 |    369 |    705 |   8427 |   9 | 1278.4 |
        Temple |    191 |    181 |     10 |      0 |    170 |   1 |  191.0 |
          Lair |   4165 |   4059 |    106 |    513 |   2720 |   3 | 1388.3 |
       Ossuary |    289 |    289 |      0 |     29 |    147 |   1 |  289.0 |
      Ice Cave |    889 |    889 |      0 |    403 |    281 |   1 |  889.0 |
      Gauntlet |    984 |    984 |      0 |    248 |    383 |   1 |  984.0 |
               +--------+--------+--------+--------+--------+-----+--------+

Top non-repeatable levels by time:
  Lair:2: 2158 daAuts
  Lair:1: 1988 daAuts
     D:5: 1629 daAuts
     D:4: 1459 daAuts
     D:8: 1438 daAuts
     D:7: 1314 daAuts
     D:9: 1292 daAuts
     D:2: 1282 daAuts
     D:1: 1171 daAuts
     D:3: 1098 daAuts
Gauntlet: 984 daAuts
   IceCv: 889 daAuts
     D:6: 821 daAuts
 Ossuary: 289 daAuts
  Temple: 191 daAuts
